 Dungeon Crawl Stone Soup version 0.25.1-8-g42b30a86e7 (webtiles) character file.

Game seed: 3360842556830609819

3217 Cazemata the Severer (level 9, 0/105 HPs)
             Began as a Minotaur Berserker on Dec 16, 2020.
             Was an Elder of Trog.
             Slain by an orc warrior
             ... wielding a +0 trident
              (6 damage)
             ... on level 7 of the Dungeon.
             The game lasted 00:21:16 (8258 turns).

Cazemata the Severer (Minotaur Berserker)           Turns: 8258, Time: 00:21:16

Health: 0/105      AC:  8    Str: 22      XL:     9   Next: 65%
Magic:  8/8        EV:  9    Int:  6      God:    Trog [****..]
Gold:   332        SH:  0    Dex: 19 (21) Spells: 8/8 levels left

rFire    x . .     SeeInvis .   q - +1 broad axe (venom)
rCold    + . .     Gourm    .   (no shield)
rNeg     . . .     Faith    .   t - +0 chain mail
rPois    .         Spirit   .   (helmet restricted)
rElec    +         Reflect  .   (no cloak)
rCorr    .         Harm     .   (no gloves)
MR       .....                  (no boots)
Stlth    ..........             o - amulet of regeneration
HPRegen  0.67/turn              x - +6 ring of dexterity
MPRegen  0.11/turn              f - ring "Sotwa" {Ice rElec Dex+4}

@: berserking, very quick
A: retaliatory headbutt, horns 2, deterioration 1, wild magic 1
a: Berserk, Trog's Hand, Brothers in Arms, Renounce Religion


You were on level 7 of the Dungeon.
You worshipped Trog.
Trog was greatly pleased with you.
You were hungry.

You visited 1 branch of the dungeon, and saw 8 of its levels.

You collected 332 gold pieces.

Inventory:

Hand Weapons
 a - a +0 hand axe
 k - a +0 mace of distortion
 q - a +1 broad axe of venom (weapon)
Missiles
 j - 3 atropa-tipped darts (quivered)
 C - 7 datura-tipped darts
Armour
 b - a +0 animal skin
 s - +0 swamp dragon scales
 t - a +0 chain mail (worn)
 u - a +1 kite shield
Jewellery
 f - the ring "Sotwa" (right hand) {Ice rElec Dex+4}
   (You acquired it on level 7 of the Dungeon)

   [ring of ice]

   It enhances your ice magic.
   It affects your dexterity (+4).
   It makes you vulnerable to fire.
   It protects you from cold.
   It insulates you from electricity.
 l - an uncursed ring of stealth
 o - an amulet of regeneration (around neck)
 x - a +6 ring of dexterity (left hand)
 y - a cursed ring of positive energy {unknown}
Wands
 e - a wand of disintegration (10)
 w - a wand of enslavement (7)
Scrolls
 d - 2 scrolls of remove curse
 i - 4 scrolls of teleportation
 n - 2 scrolls of magic mapping
 p - 2 scrolls of immolation
 r - 12 scrolls of identify
Potions
 g - 4 potions of stabbing
 h - 6 potions of curing
 m - a potion of ambrosia
 z - a potion of berserk rage
 A - a potion of magic
Comestibles
 c - 9 rations


   Skills:
 - Level 3.6 Fighting
 * Level 15.6 Axes
 - Level 2.4 Armour
 - Level 2.1 Dodging


You had 8 spell levels left.
You didn't know any spells.
Your spell library was empty.

Dungeon Overview and Level Annotations

Branches:
Dungeon (8/15)             Temple (0/1) D:4            Lair (0/6) D:8

Altars:
Vehumet
Zin

Shops:
D:7 !


Innate Abilities, Weirdness & Mutations

You reflexively headbutt those who attack you in melee.
You have a pair of horns on your head.
Your body sometimes deteriorates upon taking damage.
Your spells are a little harder to cast, but a little more powerful.


Message History

The orc warrior is moderately wounded.
You hit the orc warrior.
The orc warrior looks as sick as possible!
The orc warrior hits you with a +0 trident!
* * * LOW HITPOINT WARNING * * *
Your body deteriorates!
You feel clumsy.
The orc warrior hits you with a +0 flail!
* * * LOW HITPOINT WARNING * * *
You feel better.
You kill the orc warrior!
Trog accepts your kill.
You feel your dexterity returning.
The orc warrior hits you with a +0 trident!
* * * LOW HITPOINT WARNING * * *
Your body deteriorates!
You feel clumsy.
A red film seems to cover your vision as you go berserk!
You feel yourself moving faster!
You feel mighty!
You are feeling hungry.
The orc warrior hits you with a +0 trident.
You die...

##..# #.............?....##......
#..# #..................##......
#..###..................##......
##..##.................###.....#
#..#................).##....###
###.....................##[..##
#......................##...##
....##.......................####
..####..........@o...............
.## #...........)...............
## #.................####...... #
#................## ##..... #
#...............## #..... ##
#...............# #....# .#
#...............# ##...# .##
#...............# ##..#. ..#
#...............#######...#.


You could see an orc warrior (very poisoned).

Vanquished Creatures
  Maggie (D:7)
  Duvessa (D:7)
  3 orc warriors
  A sky beast (D:4)
  4 ice beasts
  A black bear (D:6)
  3 ogres
  3 centaurs
  2 big kobolds (D:7)
  6 bullfrogs
  Dowan (D:7)
  A howler monkey (D:6)
  3 crimson imps
  2 bullfrog zombies
  5 hounds
  An orc priest (D:4)
  3 orc wizards
  An iguana (D:6)
  4 worker ants
  4 hound skeletons
  Robin (D:2)
  A howler monkey zombie (D:5)
  A worker ant zombie (D:6)
  8 gnolls
  6 adders
  2 adder skeletons (D:4)
  2 worms (D:2)
  A dart slug (D:1)
  6 leopard geckos
  21 orcs
  9 giant cockroaches
  17 goblins
  8 hobgoblins
  7 jackals
  12 kobolds
  3 quokkas
  A ball python (D:1)
  11 bats
  9 frilled lizards
  A leopard gecko skeleton (D:5)
  A quokka skeleton (D:7)
  6 rats
184 creatures vanquished.

Notes
Turn   | Place    | Note
-------+----------+-------------------------------------------
     0 | D:1      | Cazemata the Minotaur Berserker began the quest for the
                  | Orb.
     0 | D:1      | Reached XP level 1. HP: 19/19 MP: 0/0
    45 | D:1      | Reached skill level 4 in Axes
   119 | D:1      | Reached XP level 2. HP: 24/26 MP: 1/1
   525 | D:1      | Reached skill level 5 in Axes
   794 | D:2      | Reached XP level 3. HP: 31/31 MP: 2/2
   888 | D:2      | Reached ** piety under Trog
   915 | D:2      | Noticed Robin
   939 | D:2      | Killed Robin
   939 | D:2      | Reached skill level 6 in Axes
   939 | D:2      | Reached XP level 4. HP: 15/39 MP: 3/3
  1804 | D:3      | Reached skill level 7 in Axes
  1804 | D:3      | Reached XP level 5. HP: 11/45 MP: 4/4
  2215 | D:3      | Reached *** piety under Trog
  3053 | D:4      | Noticed an ogre
  3062 | D:4      | Killed an ogre
  3062 | D:4      | Reached skill level 8 in Axes
  3062 | D:4      | Reached XP level 6. HP: 34/51 MP: 5/5
  3101 | D:4      | Noticed a sky beast
  3125 | D:4      | Killed a sky beast
  3125 | D:4      | Reached skill level 9 in Axes
  3304 | D:4      | Gained mutation: Your body sometimes deteriorates upon
                  | taking damage. [potion of mutation]
  3304 | D:4      | Gained mutation: Your spells are a little harder to cast,
                  | but a little more powerful. [potion of mutation]
  3525 | D:4      | Found a staircase to the Ecumenical Temple.
  3611 | D:5      | Entered Level 5 of the Dungeon
  3618 | D:5      | Noticed an ice beast
  3633 | D:5      | Killed an ice beast
  3633 | D:5      | Reached skill level 10 in Axes
  3633 | D:5      | Reached XP level 7. HP: 56/57 MP: 6/6
  3978 | D:5      | Found a radiant altar of Vehumet.
  4208 | D:5      | Reached skill level 11 in Axes
  4439 | D:5      | Reached XP level 8. HP: 53/64 MP: 7/7
  4856 | D:5      | Reached **** piety under Trog
  4898 | D:6      | Reached skill level 12 in Axes
  5505 | D:6      | Reached skill level 13 in Axes
  6677 | D:6      | Reached XP level 9. HP: 32/70 MP: 8/8
  6689 | D:6      | Reached skill level 14 in Axes
  7125 | D:7      | Identified a scroll of acquirement
  7125 | D:7      | Acquired the ring "Sotwa" {Ice rElec Dex+4}
  7193 | D:7      | Noticed Maggie
  7213 | D:7      | Killed Maggie
  7324 | D:7      | Reached skill level 15 in Axes
  7434 | D:7      | Found a glowing silver altar of Zin.
  7607 | D:7      | Noticed Dowan
  7614 | D:7      | Killed Dowan
  7758 | D:7      | Noticed Duvessa
  7765 | D:7      | Killed Duvessa
  7884 | D:7      | Found Mod Loer's Distillery.
  8246 | D:8      | Found a staircase to the Lair.
  8257 | D:7      | HP: 3/70 [orc warrior/+0 trident (12)]
  8258 | D:7      | Slain by an orc warrior

Illustrated notes

Levels and vault maps discovered:
D:1:      heliophobic_arrival_battle_scene, layout_loops_ring
D:2:      layout_basic, minmay_misc_feat_doors, minmay_fountain_box,
          st_stairs_12, uniq_robin
D:3:      layout_loops_ring, first_ration
D:4:      layout_loops_ring, temple_statues, serial_glass, glass_columns_a,
          glass_columns_b
D:5:      layout_loops_ring, overflow_temple_1_default, nrook_pool_corridor,
          grunt_tough_drop
D:6:      kb_forest_paths, layout_basic, hangedman_abyss_or_decor_slice,
          moated_statue, minivault_22
D:7:      layout_layer_cave, old_standard_altar, serial_shops, shop,
          kennysheep_nondescript, uniq_maggie, uniq_duvessa
D:8:      layout_loops_cross, dpeg_oklobed_lair, gammafunk_ghost_grave,
          uniq_maurice

Skill      XL: |  1  2  3  4  5  6  7  8  9 |
---------------+----------------------------+-----
Axes           | 4 5 6 7 8 10 11 13 15 | 15.6
Fighting       | |  3.6
Armour         | |  2.4
Dodging        | |  2.1

Action                   |  1- 3 |  4- 6 |  7- 9 || total
-------------------------+-------+-------+-------++-------
Melee: Hand axe          |    76 |   157 |   261 ||   494
       Headbutt          |     7 |    20 |    78 ||   105
       Broad axe         |       |       |    59 ||    59
Invok: Trog's Hand       |     1 |     2 |     1 ||     4
       Berserk           |     1 |       |     2 ||     3
  Use: Scroll            |       |     8 |     6 ||    14
       Potion            |       |     6 |     5 ||    11
 Stab: Sleeping          |       |     8 |       ||     8
  Eat: Chunk             |       |     9 |    11 ||    20
       Ration            |       |       |     2 ||     2
Armor: Animal skin       |    11 |    10 |       ||    21
       Chain mail        |       |    31 |    95 ||   126
Dodge: Dodged            |    56 |    71 |    95 ||   222
